 Dungeon Crawl Stone Soup version 0.19-a0-867-g949743d (webtiles) character file.

446 Gorice the Stinger (level 6, -3/41 HPs)
             Began as a Demonspawn Venom Mage on July 3, 2016.
             Was a Follower of Sif Muna.
             Slain by a black bear (7 damage)
             ... on level 7 of the Dungeon.
             The game lasted 00:20:16 (4299 turns).

Gorice the Stinger (Demonspawn Venom Mage)          Turns: 4299, Time: 00:20:17

Health: -3/41      AC:  8    Str:  8    XL:     6   Next: 73%
Magic:  3/11       EV: 11    Int: 18    God:    Sif Muna [*.....]
Gold:   192        SH:  0    Dex: 14    Spells: 1 memorised, 11 levels left

rFire  . . .     SeeInvis .     e - -1 rapier (curse)
rCold  + . .     Gourm    .     n - +0 leather armour {rC+}
rNeg   . . .     Faith    .     (no shield)
rPois  .         Spirit   .     m - +2 helmet
rElec  .         Dismiss  .     (no cloak)
rCorr  .         Reflect  .     (no gloves)
SustAt .         Harm     .     (no boots)
MR     .....                    (no amulet)
Stlth  +++.......               (no ring)
                                (no ring)

@: very slightly contaminated, not resistant to hostile enchantments, fairly
stealthy
A: claws 2, slimy green scales 1, nightstalker 1
a: Channel Energy, Renounce Religion


You were on level 7 of the Dungeon.
You worshipped Sif Muna.
Sif Muna was aware of your devotion.
You were hungry.

You visited 1 branch of the dungeon, and saw 5 of its levels.

You collected 192 gold pieces.

Inventory:

Hand Weapons
 e - a cursed -1 rapier (weapon)
 o - a +1 long sword {+1ed}
 p - a +0 spear
 u - a +0 flail
 B - a +0 blowgun
Missiles
 j - 45 poisoned needles
 k - 26 bolts
 l - 46 sling bullets
 t - 4 tomahawks (quivered)
 Z - 120 stones
Armour
 a - a +0 robe
 m - a +2 helmet (worn)
 n - a +0 leather armour of cold resistance (worn)
   (You took it off a goblin on level 2 of the Dungeon)
 q - a +0 buckler
Wands
 v - a wand of slowing (8/48)
Scrolls
 g - 2 scrolls of identify
 s - a scroll of teleportation {!r}
Potions
 d - a potion of agility {unknown}
 f - a potion of magic {unknown}
 i - 2 potions of might {!q}
 w - a potion of curing {unknown}
Books
 b - a Young Poisoner's Handbook
Comestibles
 c - 4 bread rations {!e}
 h - 3 meat rations {!e}
 r - 2 fruits


   Skills:
 - Level 1.7 Dodging
 - Level 1.7 Stealth
 + Level 3.5 Spellcasting
 * Level 5.0 Conjurations
 * Level 5.2 Poison Magic


You had 11 spell levels left.
You knew the following spells:

 Your Spells              Type           Power        Failure   Level  Hunger
a - Sting                 Conj/Pois      ###.         2%          1    None


Dungeon Overview and Level Annotations

Branches:
Dungeon (4/15)
 Temple: D:4-7

Altars:
Elyvilon
Fedhas
Sif Muna
Vehumet


Innate Abilities, Weirdness & Mutations

You have very sharp fingernails.
You are partially covered in slimy green scales. (AC +2)
You are slightly more attuned to the shadows.


Message History

The black bear claws you but does no damage.
Damage: 5 (max 7) Unknown command.
The black bear bites you!
* * * LOW HITPOINT WARNING * * *
The black bear claws you but does no damage. x2
Damage: 7 (max 7) Unknown command.
Evoke which item? (* to show all) (? for menu, Esc to quit)
Zapping:
v - a wand of slowing {zapped: 3} (will waste charges)
Press: ? - help, Shift-Dir - straight line, f/p - crimson imp
Aim: a crimson imp (chance to defeat MR: 34%)
The black bear seems to slow down.
Evoking this partially-identified wand wasted a few charges.
The black bear bites you!
* * * LOW HITPOINT WARNING * * *
The black bear claws you but does no damage. x2
Damage: 8 (max 8) Unknown command.
Unknown command.
Unknown command.
Unknown command.
Casting: Sting
Confirm with . or Enter, or press ? or * to list all spells.
Aiming: Sting
Press: ? - help, Shift-Dir - straight line, f - black bear, p - crimson imp
Aim: a black bear (almost dead, berserk, fast+slow, unusually strong, poisoned)
The sting hits the black bear.
The black bear is almost dead.
The crimson imp blinks!
The black bear barely misses you. The black bear closely misses you.
The black bear claws you but does no damage.
Unknown command.
Casting: Sting
Confirm with . or Enter, or press ? or * to list all spells.
Aiming: Sting
Press: ? - help, Shift-Dir - straight line, f/p - black bear
Aim: a black bear (almost dead, berserk, fast+slow, unusually strong, poisoned)
The sting hits the black bear.
The black bear looks even sicker.
The black bear is almost dead.
You are feeling hungry.
The black bear barely misses you.
The black bear claws you but does no damage. x2
Unknown command.
Unknown command.
Unknown command.
Unknown command.
Unknown command.
The black bear completely misses you. The black bear claws you!
You die...

######.....#
#####
#....#.....#
#....'.....#
#....#.....#
#....#.....#
####.#.....#
###
##.###.....
...
#....#(....
...
#..h@#.....
... #....#
... ######
... ###


You could see a black bear (berserk).

Vanquished Creatures
  An ogre (D:4)
  A howler monkey (D:4)
  A centaur zombie (D:7)
  An orc priest (D:3)
  Terence (D:3)
  A worker ant (D:4)
  A hound zombie (D:4)
  3 gnolls
  6 adders
  4 worms
  A dart slug (D:1)
  A giant gecko (D:3)
  8 orcs
  3 ball pythons
  3 giant cockroaches
  12 goblins
  8 hobgoblins
  7 jackals
  5 quokkas
  7 bats
  5 giant newts
  9 kobolds
  8 rats
97 creatures vanquished.

Vanquished Creatures (others)
  A plant (D:4)
1 creature vanquished.

Grand Total: 98 creatures vanquished

Notes
Turn   | Place    | Note
-------+----------+-------------------------------------------
     0 | D:1      | Gorice the Demonspawn Venom Mage began the quest for the Orb.
     0 | D:1      | Reached XP level 1. HP: 13/13 MP: 3/3
   325 | D:1      | Reached skill level 1 in Conjurations
   426 | D:1      | Gained mutation: You are partially covered in slimy green scales. (AC +2) [demonic ancestry]
   426 | D:1      | Reached XP level 2. HP: 16/19 MP: 1/5
   980 | D:1      | Reached skill level 2 in Conjurations
  1306 | D:2      | Gained mutation: You are slightly more attuned to the shadows. [demonic ancestry]
  1306 | D:2      | Reached XP level 3. HP: 24/24 MP: 4/6
  1528 | D:2      | Found a blossoming altar of Fedhas.
  1639 | D:2      | Reached skill level 3 in Conjurations
  1662 | D:2      | Reached XP level 4. HP: 24/30 MP: 3/8
  1991 | D:2      | Found a deep blue altar of Sif Muna.
  1994 | D:2      | Became a worshipper of Sif Muna the Loreminder
  2654 | D:3      | Noticed Terence
  2671 | D:3      | Killed Terence
  2671 | D:3      | Reached skill level 3 in Spellcasting
  2671 | D:3      | Gained mutation: You have sharp fingernails. [demonic ancestry]
  2671 | D:3      | Reached XP level 5. HP: 22/35 MP: 3/9
  2764 | D:3      | Reached skill level 4 in Conjurations
  2833 | D:3      | Found a white marble altar of Elyvilon.
  3609 | D:4      | Noticed an ogre
  3628 | D:4      | Killed an ogre
  3628 | D:4      | Reached * piety under Sif Muna
  3628 | D:4      | Gained mutation: You have very sharp fingernails. [demonic ancestry]
  3628 | D:4      | Reached XP level 6. HP: 41/41 MP: 7/11
  3809 | D:4      | Reached skill level 5 in Poison Magic
  4067 | D:4      | You fall through a shaft for 3 floors!
  4147 | D:7      | Found a radiant altar of Vehumet.
  4206 | D:7      | Reached skill level 5 in Conjurations
  4295 | D:7      | HP: 12/41 [black bear (7)]
  4296 | D:7      | HP: 4/41 [black bear (9)]
  4299 | D:7      | Slain by a black bear

Vault maps used:
D:1:      lemuel_arrival_muddy, minmay_pentomino_q4
D:2:      lemuel_blue_sif_altar, lemuel_crystal_altar, kennysheep_doodads
D:3:      elyvilon_altar_5, serial_bayou_pond_b, kennysheep_another_room,
          uniq_terence
D:4:      grunt_pakellas_salt, first_bread, saegor_snake_ambush
D:7:      kennysheep_mini, marbit_many_paths

Skill      XL: |  1  2  3  4  5  6 |
---------------+-------------------+-----
Conjurations   | 1 2 3 4 5 |  5.0
Spellcasting   | 3 |  3.5
Poison Magic   | 5 |  5.2
Dodging        | |  1.7
Stealth        | |  1.7

Action                   |  1- 3 |  4- 6 || total
-------------------------+-------+-------++-------
Melee: Rapier            |     2 |   103 ||   105
Throw: Stone             |    10 |       ||    10
       Tomahawk          |       |     2 ||     2
 Cast: Sting             |    66 |   155 ||   221
Evoke: Wand              |       |     2 ||     2
  Use: Scroll            |     1 |     4 ||     5
 Stab: Sleeping          |       |     1 ||     1
  Eat: Chunk             |     3 |     8 ||    11
Armor: Robe              |     3 |       ||     3
       Leather armour    |     3 |    69 ||    72
Dodge: Dodged            |     6 |    79 ||    85

Table legend:
 A = Turns spent in this place as a percentage of turns spent in the entire game.
 B = Non-inter-level travel turns spent in this place as a percentage of non-inter-level travel turns spent in the entire game.
 C = Inter-level travel turns spent in this place as a percentage of turns spent in this place.
 D = Turns resting spent in this place as a percentage of non-inter-level travel turns spent in this place.
 E = Turns spent auto-exploring this place as a percentage of non-inter-level travel turns spent in this place.
 F = Non-inter-level travel turns spent in this place divided by the number of levels of this place that you've seen.
                   A       B       C       D       E      F
               +-------+-------+-------+-------+-------+----------------------
         Total | 100.0 | 100.0 |   0.3 |   3.6 |   4.9 | 345.4
       Dungeon | 100.0 | 100.0 |   0.3 |   3.6 |   4.9 | 345.4
               +-------+-------+-------+-------+-------+----------------------

Vault maps used:
D:1:      lemuel_arrival_muddy, minmay_pentomino_q4
D:2:      lemuel_blue_sif_altar, lemuel_crystal_altar, kennysheep_doodads
D:3:      elyvilon_altar_5, serial_bayou_pond_b, kennysheep_another_room,
          uniq_terence
D:4:      grunt_pakellas_salt, first_bread, saegor_snake_ambush
D:7:      kennysheep_mini, marbit_many_paths
